 Dungeon Crawl Stone Soup version 0.32-a0-616-g9348d4545b (webtiles) character file.

Game seed: 5058532956913194484

541 croobank the Sneak (level 7, -5/44 HPs)
             Began as an Octopode Fire Elementalist on Mar 5, 2024.
             Slain by Pikel
             ... wielding a +1 whip of freezing
              (7 damage)
             ... in the Ecumenical Temple.
             The game lasted 00:09:05 (4169 turns).

croobank the Sneak (Octopode Fire Elementalist)     Turns: 4169, Time: 00:09:05

Health: -5/44      AC:  1    Str:  7    XL:     7   Next: 26%
Magic:  6/12       EV: 14    Int: 20    God:
Gold:   235        SH:  0    Dex: 12    Spells: 9/12 levels left

rFire   . . .        n - +4 dagger
rCold   . . .        (no shield)
rNeg    . . .        (helmet restricted)
rPois   .            (no amulet)
rElec   .            (no ring)
rCorr   .            (no ring)
SInv    .            (no ring)
Will    .....        (no ring)
Stlth   ++++         (no ring)
HPRegen 0.27/turn    (no ring)
MPRegen 0.13/turn    (no ring)
                     (no ring)

%: no passive effects
@: no status effects
A: almost no armour, amphibious, 8 rings, camouflage 1, gelatinous body 1,
(nimble swimmer 1), tentacles
a: no special abilities


You were in the Ecumenical Temple.
You visited 2 branches of the dungeon, and saw 5 of its levels.
You also visited: Sewer.

You collected 235 gold pieces.

Inventory:

Hand Weapons
 e - a +0 mace
 n - a +4 dagger (weapon)
 r - a +1 short sword of venom
 u - a +3 hand axe
Missiles
 k - 4 javelins
 v - 3 boomerangs
Wands
 w - a wand of mindburst (5)
Scrolls
 c - 8 scrolls of identify {unknown}
 d - 2 scrolls of fog {unknown}
 g - a scroll of enchant armour {unknown}
 h - a scroll of noise {unknown}
 j - 2 scrolls of teleportation {unknown}
 l - a scroll of immolation {unknown}
 o - a scroll of revelation {unknown}
 t - a scroll of fear {unknown}
Potions
 a - 2 potions of magic
 b - 3 potions of brilliance {unknown}
 f - a potion of lignification {unknown}
 i - a potion of berserk rage {unknown}
 m - a potion of enlightenment {unknown}
 p - a potion of ambrosia {unknown}
 q - a potion of mutation {unknown}
 s - a potion of cancellation {unknown}


   Skills:
 + Level 1.7 Fighting
 + Level 3.7 Dodging
 + Level 5.2 Stealth
 + Level 3.4 Spellcasting
 + Level 3.1 Conjurations
 + Level 4.3 Fire Magic


You had 9 spell levels left.
You knew the following spells:

 Your Spells              Type           Power      Damage    Failure   Level
a - Foxfire               Conj/Fire      72%        2x1d7     3%          1
b - Scorch                Fire           40%        2d6       3%          2

Your spell library contained the following spells:

 Spells                   Type           Power      Damage    Failure   Level
 Magic Dart               Conj           64%        1d6       3%          1
 Searing Ray              Conj           32%        2d5       5%          2
 Apportation              Tloc           6%         N/A       14%         1
 Inner Flame              Hex/Fire       12%        N/A       17%         3
 Volatile Blastmotes      Fire/Tloc      24%        2d12      17%         3
 Jinxbite                 Hex            6%         N/A       21%         2
 Dazzling Flash           Conj/Hex       18%        N/A       22%         3
 Mephitic Cloud           Conj/Alch/Air  7%         N/A       26%         3
 Flame Wave               Conj/Fire      18%        2d7       28%         4
 Fulminant Prism          Conj/Alch      4%         3d5       56%         4
 Alistair's Intoxication  Alch           2%         N/A       98%         5
 Curse of Agony           Necr           3%         N/A       98%         5
 Silence                  Hex/Air        1%         N/A       98%         5


Dungeon Overview and Level Annotations

Branches:
Dungeon (4/15)             Temple (1/1) D:4           Sewer (visited)

Altars:
Ashenzari
Cheibriados
Dithmenos
Fedhas
Gozag
Hepliaklqana
Kikubaaqudgha
Makhleb
Qazlal
Ru
Sif Muna
Uskayaw
Wu Jian
Xom
Zin
The Shining One

Annotations:
Temple Pikel


Innate Abilities, Weirdness & Mutations

You cannot wear most types of armour.
You are amphibious.
You can wear up to eight rings at the same time.
Your skin changes colour to match your surroundings (Stealth+).
Your rubbery body absorbs attacks. (AC +1, EV +1)
((You are camouflaged when in or above water. (Stealth+)))
You have tentacles for arms and can constrict up to eight enemies at once.


Message History

Found a staircase back to the Dungeon.
There is a staircase back to the Dungeon here.
You start resting.
Magic restored.
You can't go down here!
You climb upwards.
Welcome back to the Dungeon!
Level annotation: Pikel Pikel hits you with a +1 whip of freezing!
Pikel freezes you. Pikel misses you.
There is a staircase to the Ecumenical Temple, spattered with blood here.
Pikel completely misses you.
You climb downwards.
Welcome back to the Ecumenical Temple!
There is a staircase back to the Dungeon here.
Casting: Scorch (safe; 3% risk of failure)
Confirm with . or Enter, or press ? or * to list all spells.
Flames lash Pikel.
Pikel is lightly wounded.
Pikel's fire resistance burns away.
Pikel hits you with a +1 whip of freezing!
Pikel freezes you.
Casting: Scorch (safe; 3% risk of failure)
Confirm with . or Enter, or press ? or * to list all spells.
Flames lash Pikel.
Pikel is burned terribly!
Pikel is severely wounded.
Pikel misses you.
Casting: Scorch (safe; 3% risk of failure)
Confirm with . or Enter, or press ? or * to list all spells.
Flames lash Pikel.
Pikel is burned terribly!
Pikel is almost dead.
Pikel hits you with a +1 whip of freezing!
* * * LOW HITPOINT WARNING * * *
Pikel freezes you.
* * * LOW HITPOINT WARNING * * *
Aiming: Mindburst
Press: ? - help, Shift-Dir - straight line, f - Pikel
Aim: Pikel, wielding a +1 whip of freezing and wearing a +0 robe (almost dead, more vulnerable to fire, chance to affect: 64%) Pikel struggles to resist.
Pikel hits you with a +1 whip of freezing!
You die...
Pikel says, "See you in Hell!"

...##......................#.....
..##..................._...#.....
..#........................#.....
..#...._...................###...
..#..........................##..
..#...._......................##.
..#............................#.
..##.............K........_....#.
...##...........@..............#.
..##......................_....#.
..#............................#.
..#...._......................##.
..#..........................##..
..#...._...................###...
..#........................#.....
..##..................._...#.....
...##......................#.....


You could see Pikel (combustible).

Vanquished Creatures
  Pargi (Sewer)
  A lemure (D:4)
  2 brain worms (Sewer)
  2 orc priests (D:2)
  2 hounds (D:4)
  Ijyb (D:4)
  An orc wizard (D:4)
  5 adders
  5 dart slugs
  7 orcs
  10 ball pythons
  A bat (D:1)
  4 endoplasms
  6 giant cockroaches
  4 hobgoblins
  12 jackals
  6 kobolds
  2 quokkas
  3 frilled lizards
  7 goblins
  6 rats
88 creatures vanquished.

Vanquished Creatures (others)
  54 foxfires
54 creatures vanquished.

Grand Total: 142 creatures vanquished

Notes
Turn   | Place    | Note
-------+----------+-------------------------------------------
     0 | D:1      | croobank the Octopode Fire Elementalist began the quest for
                  | the Orb.
     0 | D:1      | Reached XP level 1. HP: 11/11 MP: 3/3
   365 | D:1      | Reached XP level 2. HP: 17/17 MP: 0/5
   522 | D:1      | Learned a level 2 spell: Scorch
   535 | D:1      | Reached skill level 3 in Stealth
   997 | D:1      | Reached XP level 3. HP: 21/21 MP: 6/6
  1513 | D:2      | Reached XP level 4. HP: 27/27 MP: 7/7
  1541 | D:2      | Found a faded altar of an unknown god.
  1642 | D:2      | Reached skill level 4 in Stealth
  1642 | D:2      | Reached XP level 5. HP: 11/31 MP: 7/9
  2257 | D:3      | Found a snail-covered altar of Cheibriados.
  2901 | D:3      | Found a glowing golden altar of the Shining One.
  3247 | D:4      | Found a glowing drain.
  3334 | Sewer    | Entered a sewer
  3341 | Sewer    | Reached XP level 6. HP: 37/37 MP: 5/10
  3415 | Sewer    | Reached skill level 1 in Fighting
  3470 | Sewer    | Noticed Pargi
  3475 | Sewer    | Killed Pargi
  3476 | Sewer    | Reached skill level 5 in Stealth
  3476 | Sewer    | Reached XP level 7. HP: 30/43 MP: 4/11
  3779 | D:4      | Found a staircase to the Ecumenical Temple.
  3931 | D:4      | Noticed Ijyb
  3938 | D:4      | Killed Ijyb
  4082 | D:4      | Noticed Pikel
  4098 | Temple   | Entered the Ecumenical Temple
  4168 | Temple   | HP: 1/44 [Pikel/+1 whip of freezing (4)]
  4169 | Temple   | Slain by Pikel

Illustrated notes

Levels and vault maps discovered:
D:1:      co_arrival_square_in_a_square_in_a_square, layout_loops_ring
D:2:      layout_basic, ebering_ecumenical_altar_hall, nrook_mini_vaults
D:3:      layout_loops_corners, mainiacjoe_overflow_catwalk, marbit_many_paths,
          serial_bayou, serial_bayou_crossing, serial_bayou_ford_a,
          serial_bayou_lake_a, serial_bayou_lagoon_a
D:4:      layout_loops_cross, kennysheep_ying_yang,
          minmay_temple_entry_sparse_star, cheibrodos_sewer_entry_drain,
          uniq_ijyb, uniq_pikel
Temple:   nicolae_temple_great_sept

Skill      XL: |  1  2  3  4  5  6 |
---------------+-------------------+-----
Stealth        | 3 4 5 |  5.2
Conjurations   | 2 3 |  3.1
Dodging        | 3 |  3.7
Spellcasting   | 3 |  3.4
Fire Magic     | 4 |  4.3
Fighting       | 1 |  1.7

Action                     |  1- 3 |  4- 6 |  7- 9 || total
---------------------------+-------+-------+-------++-------
  Melee: Mace              |    36 |    20 |       ||    56
         Tentacles         |    10 |    10 |       ||    20
         Constrict         |    15 |    17 |     2 ||    34
         Dagger            |       |    39 |     4 ||    43
   Cast: Foxfire           |    21 |     6 |     4 ||    31
         Scorch            |     2 |    11 |    18 ||    31
  Evoke: Wand              |       |       |     1 ||     1
   Stab: Sleeping          |     4 |    11 |     1 ||    16
         Distracted        |     1 |       |       ||     1
 Armour: Skin              |    12 |    31 |     8 ||    51
  Dodge: Dodged            |    25 |    56 |     5 ||    86

Table legend: (Time is in decaauts)
 A = Elapsed time spent in this place.
 B = Non-inter-level travel time spent in this place.
 C = Inter-level travel time spent in this place.
 D = Time resting spent in this place.
 E = Time spent auto-exploring this place.
 F = Levels seen in this place.
 G = Mean time per level.
                   A        B        C        D        E       F      G
               +--------+--------+--------+--------+--------+-----+--------+
         Total |   4190 |   4073 |    117 |    885 |   2559 |   6 |  698.3 |
       Dungeon |   3810 |   3693 |    117 |    775 |   2347 |   4 |  952.5 |
        Temple |     69 |     69 |      0 |     63 |      0 |   1 |   69.0 |
         Sewer |    310 |    310 |      0 |     47 |    212 |   1 |  310.0 |
               +--------+--------+--------+--------+--------+-----+--------+

Top non-repeatable levels by time:
     D:1: 1268 daAuts
     D:3: 1071 daAuts
     D:2: 907 daAuts
     D:4: 563 daAuts
   Sewer: 310 daAuts
  Temple: 69 daAuts
